 Dungeon Crawl Stone Soup version 0.31-a0-175-g9f7f995f2b (webtiles) character file.

Game seed: 7331552725586308495

859 qw the Shooter (level 8, -23/72 HPs)
             Began as a Naga Hunter on June 16, 2023.
             Was an Initiate of Okawaru.
             Annihilated by a komodo dragon (27 damage)
             ... on level 5 of the Dungeon.
             The game lasted 00:01:27 (5096 turns).

qw the Shooter (Naga Hunter)                        Turns: 5096, Time: 00:01:27

Health: -23/72     AC:  6    Str: 19    XL:     8   Next: 2%
Magic:  8/8        EV: 10    Int: 10    God:    Okawaru [......]
Gold:   225        SH:  5    Dex: 17    Spells: 7/7 levels left

rFire   . . .        Y - +0 orcbow
rCold   . . .        (shield currently unavailable)
rNeg    . . .        c - +0 leather armour
rPois   +            j - +0 helmet
rElec   .            (no cloak)
rCorr   .            e - +0 pair of gloves
SInv    +            (no barding)
Will    +....        f - amulet of reflection
Stlth   ++           d - +6 ring of strength
HPRegen 0.32/turn    (no ring)
MPRegen 0.11/turn

%: reflection
@: about to teleport, very slow
A: AC +2, large, see invisible, deformed body, poison resistance, slowness 2,
spit poison 1, naga tail 1
a: Spit Poison, Renounce Religion


You were on level 5 of the Dungeon.
You worshipped Okawaru.
Okawaru was noncommittal.
You visited 2 branches of the dungeon, and saw 6 of its levels.

You collected 225 gold pieces.


Innate Abilities, Weirdness & Mutations

Your serpentine skin is tough. (AC +2)
You have supernaturally acute eyesight. (SInv)
Armour fits poorly on your strangely shaped body.
Your system is resistant to poisons. (rPois)
You cover ground very slowly.
You can spit poison.
You have a snake-like lower body.


   Skills:
 - Level 4.0 Fighting
 + Level 7.5 Ranged Weapons
 - Level 1.9 Armour
 - Level 2.4 Dodging
 - Level 1.5 Stealth


You had 7 spell levels left.
You didn't know any spells.
Your spell library was empty.

Inventory:

Hand Weapons
 Y - a +0 orcbow (weapon)
Armour
 c - a +0 leather armour (worn)
 e - a +0 pair of gloves (worn)
 j - a +0 helmet (worn)
Jewellery
 d - a +6 ring of strength (left hand)
 f - an amulet of reflection (around neck)
 g - a ring of fire
Scrolls
 a - a scroll of identify
 h - 2 scrolls of teleportation
Potions
 l - a potion of curing {unknown}
 m - a potion of cancellation {unknown}
 n - a potion of might {unknown}

Dungeon Overview and Level Annotations

Branches:
Dungeon (5/15)             Temple (1/1) D:5

Altars:
Ashenzari
Cheibriados
Elyvilon
Fedhas
Gozag
Hepliaklqana
Kikubaaqudgha
Makhleb
Nemelex Xobeh
Okawaru
Qazlal
Ru
Sif Muna
Trog
Uskayaw
Vehumet
Wu Jian
Xom
Yredelemnul
Zin
The Shining One

Annotations:
D:5 3 runed translucent doors


Message History

Enter note: You shoot an arrow.
The arrow barely misses the komodo dragon.
5087 ||| INVOKING Spit Poison.
Aiming: Spit Poison (1% risk of failure)
Press: ? - help, Shift-Dir - straight line, f/p - komodo dragon The splash of poison hits the komodo dragon but does no damage.
You shoot an arrow. The arrow hits the komodo dragon!
The komodo dragon is moderately wounded.
You shoot an arrow. The arrow hits the komodo dragon.
The komodo dragon is moderately wounded.
You shoot an arrow.
The arrow barely misses the komodo dragon.
The komodo dragon bites you.
You shoot an arrow.
The arrow closely misses the komodo dragon.
You have got your breath back.
The komodo dragon bites you!
5092 ||| INVOKING Spit Poison.
Aiming: Spit Poison (1% risk of failure)
Press: ? - help, Shift-Dir - straight line, f/p - komodo dragon The splash of poison misses the komodo dragon.
The komodo dragon closely misses you.
You shoot an arrow. The arrow hits the komodo dragon!
The komodo dragon is heavily wounded.
The komodo dragon bites you!
You shoot an arrow.
The arrow hits the komodo dragon but does no damage.
The komodo dragon is heavily wounded.
The komodo dragon bites you!
You shoot an arrow.
The arrow hits the komodo dragon but does no damage.
The komodo dragon is heavily wounded.
The komodo dragon bites you!!
5096 ||| READING 3 scrolls of teleportation.
As you read the scroll of teleportation, it crumbles to dust.
You feel strangely unstable.
You have got your breath back.
The komodo dragon bites you!!
You die...

.## ..... ..### .... ##.
#...##### ... .##.....###
... .....##.... ##.#
###.###.#######..#
#...^.####.....#
####.>.....###l####
###........@...#
#...(!.......#
####......[.....######.
##......................
####..####.######......##
........[..# #......#
.#.......#.# #PP>.P.#
....#......# #...P.##
#.....#....# #...P.#


You could see a komodo dragon.

Vanquished Creatures
  Edmund (D:5)
  A centaur (D:5)
  An ogre (D:5)
  Blork the orc (D:4)
  A kobold brigand (D:4)
  3 hounds
  2 jellies
  An orc priest (D:4)
  3 iguanas (D:5)
  An orc wizard (D:4)
  A gnoll (D:5)
  8 adders
  2 ufetubi
  2 dart slugs
  7 orcs
  4 ball pythons
  3 bats
  5 endoplasms
  3 giant cockroaches
  4 hobgoblins
  5 jackals (D:2)
  A quokka (D:2)
  3 frilled lizards
  12 goblins
  4 kobolds
  5 rats
84 creatures vanquished.

Notes
Turn   | Place    | Note
-------+----------+-------------------------------------------
     0 | D:1      | qw the Naga Hunter began the quest for the Orb.
     0 | D:1      | Reached XP level 1. HP: 19/19 MP: 1/1
     0 | D:1      | 0 ||| qw: Version: 0.2-a-29-g511e9b1
     0 | D:1      | 0 ||| qw: Game counter: 5807
     0 | D:1      | 0 ||| qw: Always use a shield: true
     0 | D:1      | 0 ||| qw: God list: Okawaru
     0 | D:1      | 0 ||| qw: Allow faded altars: false
     0 | D:1      | 0 ||| qw: Do Orc after D:15 true
     0 | D:1      | 0 ||| qw: Do second Lair branch before Depths: true
     0 | D:1      | 0 ||| qw: Lair rune preference: random
     0 | D:1      | 0 ||| qw: Plans: Normal
     0 | D:1      | 0 ||| PLANNING D:1-11
     5 | D:1      | 5 ||| INVOKING Spit Poison.
    98 | D:1      | 98 ||| INVOKING Spit Poison.
   128 | D:1      | 128 ||| INVOKING Spit Poison.
   143 | D:1      | 143 ||| INVOKING Spit Poison.
   174 | D:1      | 174 ||| INVOKING Spit Poison.
   177 | D:1      | 177 ||| INVOKING Spit Poison.
   277 | D:1      | 277 ||| INVOKING Spit Poison.
   291 | D:1      | Reached skill level 4 in Ranged Weapons
   291 | D:1      | Reached XP level 2. HP: 26/26 MP: 2/2
   340 | D:1      | 340 ||| FLEEEEING.
   341 | D:1      | 341 ||| FLEEEEING.
   342 | D:1      | 342 ||| FLEEEEING.
   343 | D:1      | 343 ||| FLEEEEING.
   368 | D:1      | 368 ||| INVOKING Spit Poison.
   642 | D:1      | 642 ||| UPGRADING to +0 helmet.
   647 | D:1      | 647 ||| READING scroll labelled COKUKU LAVUYFO.
   748 | D:1      | 748 ||| READING scroll labelled QIQUOR ELALE.
   749 | D:1      | 749 ||| READING scroll labelled SUQUJO DOMNOMA.
   750 | D:1      | 750 ||| READING 2 scrolls labelled UPNASO BENOD.
   751 | D:1      | 751 ||| READING scroll labelled QOESUOD TIARGH.
   752 | D:1      | 752 ||| DRINKING 2 silvery potions.
   753 | D:1      | 753 ||| DROPPING scroll of butterflies.
   754 | D:1      | 754 ||| DROPPING scroll of vulnerability.
   849 | D:2      | 849 ||| INVOKING Spit Poison.
   853 | D:2      | Reached XP level 3. HP: 32/32 MP: 3/3
   919 | D:2      | 919 ||| INVOKING Spit Poison.
   938 | D:2      | 938 ||| INVOKING Spit Poison.
   942 | D:2      | 942 ||| INVOKING Spit Poison.
   966 | D:2      | 966 ||| INVOKING Spit Poison.
   996 | D:2      | 996 ||| INVOKING Spit Poison.
  1040 | D:2      | 1040 ||| INVOKING Spit Poison.
  1077 | D:2      | 1077 ||| INVOKING Spit Poison.
  1275 | D:2      | 1275 ||| INVOKING Spit Poison.
  1312 | D:2      | 1312 ||| INVOKING Spit Poison.
  1556 | D:2      | 1556 ||| UPGRADING to +0 pair of gloves.
  1561 | D:2      | 1561 ||| READING 2 scrolls labelled LUEHINUDOE.
  1562 | D:2      | 1562 ||| READING scroll labelled HAZIRH ICLOPNE.
  1563 | D:2      | 1563 ||| READING 2 scrolls labelled SUACSI WEHOIPS.
  1728 | D:3      | 1728 ||| INVOKING Spit Poison.
  1734 | D:3      | 1734 ||| INVOKING Spit Poison.
  1736 | D:3      | Reached skill level 5 in Ranged Weapons
  1736 | D:3      | Reached XP level 4. HP: 28/39 MP: 4/4
  1805 | D:3      | 1805 ||| INVOKING Spit Poison.
  1824 | D:3      | 1824 ||| INVOKING Spit Poison.
  1833 | D:3      | 1833 ||| INVOKING Spit Poison.
  1868 | D:3      | 1868 ||| INVOKING Spit Poison.
  1905 | D:3      | Reached skill level 3 in Fighting
  1906 | D:3      | 1906 ||| INVOKING Spit Poison.
  1907 | D:3      | 1907 ||| INVOKING Spit Poison.
  1911 | D:3      | 1911 ||| INVOKING Spit Poison.
  1913 | D:3      | Reached XP level 5. HP: 49/49 MP: 5/5
  1954 | D:3      | 1954 ||| INVOKING Spit Poison.
  2146 | D:3      | 2146 ||| INVOKING Spit Poison.
  2190 | D:3      | 2190 ||| UPGRADING to +0 orcbow.
  2191 | D:3      | 2191 ||| DROPPING +0 shortbow.
  2326 | D:3      | 2326 ||| UPGRADING to +6 ring of strength.
  2327 | D:3      | 2327 ||| DRINKING 3 metallic inky potions.
  2328 | D:3      | 2328 ||| DROPPING 2 potions of enlightenment.
  2414 | D:4      | 2414 ||| INVOKING Spit Poison.
  2493 | D:4      | 2493 ||| INVOKING Spit Poison.
  2498 | D:4      | 2498 ||| INVOKING Spit Poison.
  2501 | D:4      | 2501 ||| INVOKING Spit Poison.
  2535 | D:4      | 2535 ||| INVOKING Spit Poison.
  2566 | D:4      | 2566 ||| INVOKING Spit Poison.
  2588 | D:4      | 2588 ||| INVOKING Spit Poison.
  2644 | D:4      | 2644 ||| INVOKING Spit Poison.
  2649 | D:4      | 2649 ||| INVOKING Spit Poison.
  2683 | D:4      | 2683 ||| INVOKING Spit Poison.
  2690 | D:4      | Noticed Blork the orc
  2692 | D:4      | 2692 ||| INVOKING Spit Poison.
  2697 | D:4      | 2697 ||| INVOKING Spit Poison.
  2699 | D:4      | Killed Blork the orc
  2700 | D:4      | Reached skill level 6 in Ranged Weapons
  2700 | D:4      | Reached XP level 6. HP: 28/56 MP: 6/6
  3016 | D:4      | 3016 ||| INVOKING Spit Poison.
  3022 | D:4      | 3022 ||| INVOKING Spit Poison.
  3028 | D:4      | 3028 ||| INVOKING Spit Poison.
  3054 | D:4      | 3054 ||| INVOKING Spit Poison.
  3211 | D:4      | 3211 ||| INVOKING Spit Poison.
  3212 | D:4      | 3212 ||| INVOKING Spit Poison.
  3214 | D:4      | 3214 ||| Stepping ~*~*~tactically~*~*~ (outnumbered).
  3216 | D:4      | 3216 ||| Stepping ~*~*~tactically~*~*~ (outnumbered).
  3218 | D:4      | 3218 ||| Stepping ~*~*~tactically~*~*~ (outnumbered).
  3219 | D:4      | 3219 ||| INVOKING Spit Poison.
  3224 | D:4      | 3224 ||| INVOKING Spit Poison.
  3230 | D:4      | 3230 ||| INVOKING Spit Poison.
  3233 | D:4      | 3233 ||| INVOKING Spit Poison.
  3467 | D:4      | 3467 ||| INVOKING Spit Poison.
  3582 | D:4      | 3582 ||| READING scroll labelled JOCZELIUSE.
  3583 | D:4      | 3583 ||| READING 2 scrolls of identify.
  3583 | D:4      | 3583 ||| IDENTIFYING green potion
  3584 | D:4      | 3584 ||| DROPPING potion of brilliance.
  3603 | D:5      | Entered Level 5 of the Dungeon
  3604 | D:5      | 3604 ||| INVOKING Spit Poison.
  3610 | D:5      | 3610 ||| STAIRDANCE
  3612 | D:4      | 3612 ||| INVOKING Spit Poison.
  3616 | D:4      | 3616 ||| INVOKING Spit Poison.
  3855 | D:5      | 3855 ||| INVOKING Spit Poison.
  3857 | D:5      | Reached XP level 7. HP: 64/64 MP: 7/7
  3859 | D:5      | 3859 ||| INVOKING Spit Poison.
  3867 | D:5      | 3867 ||| INVOKING Spit Poison.
  3870 | D:5      | 3870 ||| INVOKING Spit Poison.
  3873 | D:5      | Reached skill level 7 in Ranged Weapons
  3875 | D:5      | 3875 ||| INVOKING Spit Poison.
  3877 | D:5      | HP: 10/64 [iguana (10)]
  3878 | D:5      | 3878 ||| READING 2 scrolls of teleportation.
  3879 | D:5      | 3879 ||| DRINKING potion of heal wounds.
  3880 | D:5      | 3880 ||| INVOKING Spit Poison.
  4113 | D:5      | 4113 ||| INVOKING Spit Poison.
  4143 | D:5      | 4143 ||| INVOKING Spit Poison.
  4146 | D:5      | Reached skill level 1 in Armour
  4149 | D:5      | 4149 ||| INVOKING Spit Poison.
  4155 | D:5      | 4155 ||| INVOKING Spit Poison.
  4158 | D:5      | 4158 ||| INVOKING Spit Poison.
  4222 | D:5      | Found a runed translucent gate.
  4222 | D:5      | Found a runed translucent gate.
  4222 | D:5      | Found a runed translucent gate.
  4310 | D:5      | Found a staircase to the Ecumenical Temple.
  4311 | D:5      | 4311 ||| PLANNING TEMPLE
  4311 | D:5      | 4311 ||| UPGRADING to amulet of reflection.
  4316 | D:5      | 4316 ||| READING scroll labelled ZAZXOLLIAGA.
  4317 | D:5      | 4317 ||| READING scroll labelled NIPUFE PYTEAW.
  4318 | D:5      | 4318 ||| DRINKING 2 emerald potions.
  4319 | D:5      | 4319 ||| READING 2 scrolls of identify.
  4319 | D:5      | 4319 ||| IDENTIFYING bubbling black potion
  4320 | D:5      | 4320 ||| DROPPING potion of berserk rage.
  4321 | D:5      | 4321 ||| DROPPING potion of attraction.
  4322 | D:5      | Noticed Edmund
  4323 | D:5      | 4323 ||| INVOKING Spit Poison.
  4330 | D:5      | 4330 ||| INVOKING Spit Poison.
  4336 | D:5      | 4336 ||| INVOKING Spit Poison.
  4339 | D:5      | 4339 ||| INVOKING Spit Poison.
  4340 | D:5      | Killed Edmund
  4341 | D:5      | Reached XP level 8. HP: 33/72 MP: 8/8
  4471 | Temple   | Entered the Ecumenical Temple
  4717 | Temple   | 4717 ||| PLANNING OKAWARU WORSHIP
  5021 | Temple   | Became a worshipper of Warmaster Okawaru
  5022 | Temple   | 5022 ||| PLANNING D:1-11
  5085 | D:5      | Noticed a komodo dragon
  5087 | D:5      | 5087 ||| INVOKING Spit Poison.
  5092 | D:5      | 5092 ||| INVOKING Spit Poison.
  5095 | D:5      | HP: 4/72 [komodo dragon (23)]
  5096 | D:5      | 5096 ||| READING 3 scrolls of teleportation.
  5096 | D:5      | Annihilated by a komodo dragon

Levels and vault maps discovered:
D:1:      roderic_chinese_lattice_arrival, layout_loops_ring,
          chequers_serial_rivers_room_a
D:2:      layout_basic, amcnicky_mini_rare_corridor_liquid,
          serial_bayou_crossing
D:3:      layout_basic
D:4:      layout_basic, uniq_blork_the_orc
D:5:      layout_basic, minmay_temple_entry_overgrown, gammafunk_ghost_icy,
          minmay_increasing_density, uniq_edmund
Temple:   mainiacjoe_temple_starburst

Skill      XL: |  1  2  3  4  5  6  7 |
---------------+----------------------+-----
Ranged Weapons | 4 5 6 7 |  7.5
Fighting       | 3 4 |  4.0
Dodging        | 2 |  2.4
Armour         | 1 |  1.9
Stealth        | |  1.5

Action                     |  1- 3 |  4- 6 |  7- 9 || total
---------------------------+-------+-------+-------++-------
   Fire: Shortbow          |    57 |    21 |       ||    78
         Orcbow            |       |    78 |    49 ||   127
Ability: Spit Poison       |    20 |    34 |    16 ||    70
    Use: Scroll            |     8 |     2 |     5 ||    15
         Potion            |     1 |     1 |     2 ||     4
 Armour: Leather armour    |     5 |    27 |     5 ||    37
  Dodge: Dodged            |     6 |    43 |    21 ||    70
  Block: Other             |       |       |     4 ||     4

Table legend:
 A = Non-vault XP
 B = Vault XP
 C = Vault XP percentage of total XP
 D = Non-vault monster count
 E = Vault monster count
 F = Vault count percentage of total count
                 A         B        C        D         E       F
            +---------+---------+-------+---------+---------+-------
      Total |     907 |     321 |  26.1 |      78 |       6 |   7.1
            +---------+---------+-------+---------+---------+-------
        D:1 |      21 |       0 |   0.0 |      13 |       0 |   0.0
        D:2 |      52 |       0 |   0.0 |      21 |       0 |   0.0
        D:3 |      98 |       0 |   0.0 |      14 |       0 |   0.0
        D:4 |     285 |     100 |  26.0 |      21 |       1 |   4.5
        D:5 |     451 |     221 |  32.9 |       9 |       5 |  35.7
            +---------+---------+-------+---------+---------+-------
